Map: Nightshade LE

Players

SpeCial - Winner!

  • Race: Terran Terran
  • League: Master
  • Spawn Location: 5:00

soO

  • Race: Zerg Zerg
  • Spawn Location: 11:00

Event: Shopify TSL 5

VOD

Have the link to the VOD?

Description

Time

  • Played on: May 24, 2020, 8:18 a.m.
  • Length: 12:57

All games in this series

Show
View Real Time Build Order
Export as new Build Order

SpeCial Terran - Winner!

Build Orders: Mech 

Get SALT Encoding   

  12  0:00  SCV  
  13  0:12  SCV  
  14  0:18  Supply Depot  
  14  0:25  SCV  
  15  0:39  SCV  
  15  0:40  Barracks  
  16  0:43  Refinery  
  16  0:51  SCV  
  17  0:59  Barracks  
  17  1:03  SCV  
  18  1:16  SCV  
  19  1:28  Orbital Command, Reaper  
  19  1:31  Supply Depot  
  20  1:46  Reaper  
  21  1:54  SCV  
  22  2:03  Reaper  
  22  2:06  SCV  
  24  2:11  Command Center  
  24  2:18  SCV  
  24  2:19  Refinery  
  25  2:24  Marine  
  26  2:30  SCV  
  26  2:36  Marine  
  28  2:43  SCV  
  29  2:45  Factory  
  29  2:55  SCV  
  30  3:04  Command Center  
  30  3:07  SCV  
  30  3:19  SCV  
  31  3:23  Orbital Command  
  33  3:31  Factory Reactor, SCV  
  33  3:32  Starport  
  32  3:35  Marine  
  32  3:37  Marine  
  34  3:44  SCV  
  35  3:49  SCV  
  35  3:54  Barracks Tech Lab  
  36  3:55  Barracks Reactor  
  36  3:56  SCV  
  36  4:02  SCV  
  38  4:08  SCV  
  38  4:09  Hellion x2  
  43  4:10  Fusion Core  
  43  4:11  Starport Tech Lab  
  43  4:12  Marine  
  44  4:17  Orbital Command  
  44  4:18  SCV  
  44  4:20  SCV  
  46  4:27  Supply Depot  
  46  4:30  SCV  
  49  4:31  Hellion x2  
  49  4:32  SCV  
  52  4:41  Marine x3  
  52  4:42  SCV  
  52  4:44  SCV  
  52  4:45  SCV, Refinery  
  57  4:50  Refinery  
  60  4:53  Hellion x2  
  60  4:54  SCV  
  60  4:55  Supply Depot  
  60  4:56  SCV  
  65  5:07  SCV x2  
  65  5:12  Battlecruiser  
  65  5:13  SCV  
  73  5:15  Hellion x2  
  73  5:19  SCV x2  
  73  5:20  Marine x2  
  81  5:27  Weapon Refit  
  81  5:32  SCV x2  
  81  5:34  SCV  
  76  5:45  Hellion x2  
  76  5:46  SCV  
  80  5:50  Orbital Command  
  80  5:52  SCV  
  80  5:55  Engineering Bay  
  77  6:01  SCV  
  73  6:04  SCV  
  73  6:07  Hellion x2  
  73  6:09  Factory  
  78  6:13  SCV, Supply Depot  
  78  6:16  Factory, Battlecruiser  
  85  6:24  Missile Turret x2  
  85  6:27  Missile Turret  
  85  6:34  SCV x2  
  85  6:35  SCV, Armory  
  85  6:37  Supply Depot  
  85  6:38  Supply Depot  
  88  6:47  SCV, Refinery  
  89  6:50  Hellion x2  
  89  6:52  Missile Turret  
  93  6:56  Supply Depot  
  93  6:59  SCV x3, Refinery  
  92  7:11  SCV x3  
  92  7:12  Factory Tech Lab x2  
  93  7:16  Hellion x2  
  93  7:23  SCV  
  93  7:25  SCV  
  93  7:29  SCV  
  92  7:31  Terran Vehicle Weapons Level 1  
  92  7:32  Armory, Siege Tank x2  
  92  7:34  Battlecruiser  
  92  7:35  SCV  
  105  7:37  Hellion x2  
  107  7:48  SCV  
  107  7:50  SCV  
  109  7:55  Factory  
  109  7:56  Command Center  
  109  7:58  Factory  
  109  7:59  Infernal Pre-Igniter, Hellion x2  
  109  8:04  Supply Depot  
  113  8:07  SCV  
  113  8:08  SCV  
  113  8:10  Siege Tank  
  113  8:11  Siege Tank  
  119  8:16  SCV  
  120  8:20  Hellion  
  120  8:23  SCV  
  117  8:28  Hellion  
  117  8:32  Terran Vehicle And Ship Armor Level 1  
  119  8:41  Hellion  
  119  8:42  Siege Tank  
  119  8:43  Siege Tank x2  
  128  8:49  Starport Reactor  
  128  8:50  SCV  
  128  8:51  SCV x2, Factory  
  128  8:52  Supply Depot  
  128  8:53  Supply Depot  
  133  8:56  Hellion  
  133  9:08  Hellion x3  
  139  9:12  Supply Depot  
  139  9:14  Siege Tank  
  139  9:15  Siege Tank  
  145  9:23  Hellion  
  147  9:24  Siege Tank  
  147  9:26  Terran Vehicle Weapons Level 2  
  147  9:29  Hellion x3  
  156  9:33  SCV x2  
  156  9:34  SCV  
  156  9:38  Viking x2  
  163  9:43  Refinery  
  163  9:44  Factory  
  163  9:45  SCV, Refinery  
  163  9:46  SCV x2  
  163  9:48  Missile Turret  
  164  9:54  Siege Tank  
  164  9:55  Hellion x2  
  164  9:58  SCV  
  172  10:02  Supply Depot  
  172  10:03  SCV x2  
  172  10:06  Supply Depot  
  174  10:10  SCV  
  174  10:15  SCV x2  
  174  10:17  Viking  
  171  10:22  SCV, Viking  
  171  10:27  SCV  
  175  10:31  Sensor Tower  
  174  10:36  Planetary Fortress  
  174  10:37  SCV  
  174  10:38  Missile Turret  
  174  10:39  SCV  
  171  10:48  Command Center  
  171  10:51  Siege Tank x2  
  171  10:53  Factory Tech Lab  
  171  10:56  Siege Tank  
  178  11:01  Hellion  
  178  11:04  Hellion x2  
  176  11:06  Viking  
  176  11:10  Viking  
  180  11:13  Siege Tank  
  180  11:14  Siege Tank  
  186  11:23  Siege Tank x2  
  192  11:29  Siege Tank  
  195  11:45  Hellion  
  195  11:47  Siege Tank  
  195  11:52  Siege Tank  
  196  11:55  Viking  
  196  11:56  Starport  
  196  11:57  Siege Tank  
  185  12:05  Hellion  
  185  12:08  Hellion, Siege Tank  
  175  12:11  Viking  
  175  12:13  Hellion  
  175  12:14  Hellion, Siege Tank  
  171  12:19  Hellion  
  158  12:24  Hellion  
  158  12:25  Viking  
  158  12:26  Hellion  
  158  12:29  Hellion  
  160  12:37  Starport Reactor  
Show
View Real Time Build Order
Export as new Build Order

soO Zerg 

Build Orders: Hatch First 

Get SALT Encoding   

  12  0:01  Drone  
  13  0:12  Overlord  
  13  0:16  Drone  
  14  0:30  Drone x2  
  16  0:47  Hatchery  
  15  0:51  Drone  
  15  0:54  Drone  
  17  0:57  Drone  
  18  1:08  Extractor  
  17  1:12  Spawning Pool  
  17  1:16  Drone  
  17  1:19  Drone  
  18  1:28  Drone  
  19  1:38  Drone  
  20  1:48  Overlord  
  20  1:59  Queen  
  20  2:00  Queen, Zergling x4  
  26  2:11  Drone x2  
  26  2:12  Metabolic Boost  
  28  2:22  Drone  
  29  2:23  Drone  
  30  2:35  Hatchery  
  28  2:40  Queen  
  28  2:43  Zergling x2  
  31  2:51  Zergling x4  
  33  2:53  Overlord  
  33  2:54  Zergling x2  
  33  2:57  Zergling x2  
  32  3:13  Drone x2  
  32  3:17  Drone x2  
  36  3:20  Drone  
  36  3:21  Drone  
  36  3:25  Overlord  
  36  3:26  Drone  
  39  3:35  Drone  
  39  3:37  Drone  
  39  3:39  Queen  
  43  3:45  Drone x2  
  43  3:46  Drone x2  
  47  3:50  Lair  
  47  3:53  Drone  
  47  3:54  Drone  
  49  3:56  Drone  
  49  3:59  Extractor, Drone  
  49  4:01  Drone  
  51  4:07  Drone x3  
  54  4:11  Drone  
  54  4:12  Drone  
  54  4:16  Overlord  
  56  4:19  Drone  
  57  4:24  Overlord  
  57  4:27  Extractor  
  57  4:31  Drone, Overlord  
  57  4:32  Overlord  
  57  4:42  Queen  
  57  4:44  Drone x6  
  65  4:49  Spire  
  65  4:50  Drone x3  
  67  4:56  Drone x3  
  70  5:00  Drone x3  
  70  5:02  Drone  
  70  5:04  Drone  
  70  5:05  Drone  
  76  5:08  Extractor  
  76  5:09  Drone  
  76  5:10  Drone  
  76  5:11  Extractor  
  76  5:15  Drone  
  76  5:18  Queen, Spore Crawler  
  76  5:21  Spore Crawler  
  77  5:23  Drone, Spore Crawler  
  77  5:24  Drone  
  77  5:27  Drone x2  
  80  5:30  Zergling x2  
  80  5:33  Overlord  
  81  5:39  Zergling x6  
  81  5:40  Zergling x2  
  79  5:43  Zergling x4  
  77  5:50  Zergling x6  
  77  5:51  Drone x3  
  77  5:52  Drone x2  
  77  5:56  Drone x2  
  83  6:08  Overlord  
  83  6:13  Extractor  
  83  6:15  Overlord  
  83  6:17  Zerg Flyer Weapons Level 1  
  82  6:18  Drone  
  83  6:28  Mutalisk x2  
  83  6:29  Mutalisk x4  
  83  6:32  Hatchery  
  93  6:37  Overlord  
  95  6:40  Drone x3  
  95  6:41  Drone  
  95  6:42  Evolution Chamber  
  95  6:43  Drone, Roach Warren  
  96  6:51  Drone  
  96  7:04  Zergling x8  
  95  7:14  Zerg Missile Weapons Level 1  
  92  7:17  Drone  
  92  7:18  Drone  
  90  7:26  Glial Reconstitution  
  90  7:29  Drone x4  
  93  7:30  Drone x11  
  93  7:33  Overlord  
  103  7:39  Overlord, Hydralisk Den  
  103  7:40  Infestation Pit  
  101  7:47  Overlord  
  98  7:53  Extractor  
  98  7:55  Extractor  
  98  7:56  Roach  
  98  7:57  Roach x7  
  112  7:58  Evolution Chamber  
  112  7:59  Drone x2  
  113  8:16  Drone x2  
  112  8:20  Drone x2  
  112  8:23  Drone x3  
  112  8:24  Drone  
  112  8:26  Drone  
  114  8:27  Zerg Ground Armor Level 1  
  114  8:31  Hive, Grooved Spines  
  114  8:34  Overlord  
  114  8:41  Overlord  
  114  8:42  Hydralisk x14  
  142  8:51  Hydralisk x2  
  142  9:04  Hydralisk x6  
  150  9:20  Queen x2  
  150  9:21  Drone x2  
  150  9:22  Drone x2  
  150  9:32  Drone x2  
  150  9:35  Zerg Missile Weapons Level 2  
  152  9:38  Overlord x2  
  152  9:41  Overlord  
  152  9:43  Muscular Augments, Hatchery  
  151  9:52  Greater Spire  
  151  9:56  Queen  
  151  9:58  Viper x2  
  159  10:06  Overlord  
  159  10:19  Spine Crawler  
  158  10:21  Spine Crawler  
  157  10:33  Corruptor x8  
  169  10:46  Extractor  
  168  10:51  Extractor  
  168  10:53  Spine Crawler  
  165  11:02  Drone x2  
  165  11:03  Drone x3  
  167  11:08  Overlord  
  167  11:09  Drone x2  
  169  11:11  Brood Lord  
  169  11:12  Brood Lord x6  
  169  11:13  Overlord  
  169  11:14  Overlord x2  
  169  11:15  Overlord  
  169  11:18  Overlord  
  183  11:22  Overlord  
  183  11:23  Overlord  
  178  11:27  Hatchery  
  178  11:30  Brood Lord  
  179  11:37  Hydralisk x12  
  180  12:01  Hydralisk x11  
  173  12:13  Hydralisk x7  
  131  12:23  Hydralisk  
  131  12:25  Hydralisk  
Tags
 
Composition
Mech
League
Master
Matchup
TvZ
Spawn Locations
Cross Positions
Add a new tag
Caveats
  • Supply blocks, unpowered buildings, or Contaminate may cause inaccurate times.
  • Supply counts are checked every 10 seconds.